 Dungeon Crawl Stone Soup version 0.18-a0-59-gb630132 (webtiles) character file.

478 ReteAZ the Grappler (level 6, -2/59 HPs)
             Began as a Troll Monk on Nov 8, 2015.
             Killed from afar by Dowan (4 damage)
             ... with a wand of flame
             ... on level 4 of the Dungeon.
             The game lasted 00:04:14 (3290 turns).

ReteAZ the Grappler (Troll Monk)                    Turns: 3290, Time: 00:04:14

Health: -2/59      AC:  5    Str: 20    XL:     6   Next: 86%
Magic:  5/5        EV: 16    Int:  6    God:
Gold:   66         SH:  0    Dex: 19    Spells: 0 memorised, 5 levels left

rFire  . . .     SeeInvis .       - Unarmed
rCold  . . .     Clarity  .     a - +0 robe
rNeg   . . .     SustAt   .     (no shield)
rPois  .         Gourm    +     (helmet restricted)
rElec  .         Spirit   .     (no cloak)
rCorr  .         Warding  .     (gloves unavailable)
rMut   .         Stasis   .     (boots unavailable)
MR     .....                    (no amulet)
Stlth  +++.......               (no ring)
                                (no ring)

@: agile, not resistant to hostile enchantments, fairly stealthy
A: unfitting armour, claws 3, fast metabolism 3, gourmand, regeneration 2,
shaggy fur 1, tough skin 2
a: no special abilities


You were on level 4 of the Dungeon.
You were not hungry.

You visited 1 branch of the dungeon, and saw 4 of its levels.

You collected 66 gold pieces.

Inventory:

Armour
 a - a +0 robe (worn)
Magical Staves
 s - an uncursed staff of conjuration {unknown}
Jewellery
 n - an uncursed ring of protection from fire {unknown}
 o - an uncursed ring of sustain attributes {unknown}
 q - a +3 ring of strength {unknown}
Scrolls
 c - a scroll of noise {unknown}
 d - 3 scrolls of enchant weapon {unknown}
 f - a scroll of remove curse {unknown}
 g - 2 scrolls of teleportation {unknown}
 h - 2 scrolls of enchant armour {unknown}
 j - a scroll of fear {unknown}
 l - 2 scrolls of random uselessness {unknown}
 m - 5 scrolls of identify {unknown}
 t - a scroll of amnesia {unknown}
Potions
 i - 2 potions of curing {unknown}
 p - a potion of invisibility
 u - a potion of mutation {unknown}
Comestibles
 b - 5 bread rations {@e1}
 k - a meat ration {@e2}
 r - a royal jelly


   Skills:
 - Level 2.4 Fighting
 - Level 2.4 Dodging
 - Level 1.1 Stealth
 + Level 8.3 Unarmed Combat


You had 5 spell levels left.
You didn't know any spells.

Dungeon Overview and Level Annotations

Branches:
Dungeon (4/15)
 Temple: D:4-7

Altars:
Cheibriados

Annotations:
D:4 Dowan


Innate Abilities, Weirdness & Mutations

You are too large for most types of armour.
You have claws for hands.
Your metabolism is lightning-fast.
You like to eat raw meat.
You heal very quickly.
You are covered in fur (AC +1).
You have very tough skin (AC +2).


Message History

* * * LOW HITPOINT WARNING * * *
You claw Duvessa!
You kill Duvessa!
Something screams, "No!
No!
NO!"
Your Unarmed Combat skill increases to level 8!
You hear a zap.
A puff of flame appears from out of thin air!
The puff of flame hits you!
* * * LOW HITPOINT WARNING * * *
Drink which item? (? for menu, Esc to quit)
It was a potion of agility.
You feel agile all of a sudden.
You hear a zap.
A puff of flame appears from out of thin air!
The puff of flame hits you!
* * * LOW HITPOINT WARNING * * *
You hear a zap.
A puff of flame appears from out of thin air!
The puff of flame hits you!
You die...

#. #.# #.# #.# ### #.#
...#.# ###.#.####
#.{...@).# #.#.#.##.#
#.#.# .# #.#.##.# #..
.######.#.##.# #..
..........##.# #..
######.####.######.....#..
#.# #......#.....#.. #.#
#......#.....#..


There were no monsters in sight!

Vanquished Creatures
  Sigmund (D:3)
  Duvessa (D:4)
  An orc priest (D:3)
  5 gnolls
  7 adders
  3 worms (D:2)
  2 giant geckos
  4 orcs (D:3)
  8 bats
  6 giant cockroaches
  7 goblins
  5 hobgoblins
  6 jackals (D:2)
  5 kobolds
  A ball python (D:2)
  5 giant newts
  2 quokkas (D:3)
  11 rats
80 creatures vanquished.

Notes
Turn   | Place    | Note
--------------------------------------------------------------
     0 | D:1      | ReteAZ the Troll Monk began the quest for the Orb.
     0 | D:1      | Reached XP level 1. HP: 22/22 MP: 0/0
    22 | D:1      | Reached XP level 2. HP: 29/29 MP: 1/1
   448 | D:1      | You fall through a shaft!
   516 | D:1      | Reached skill level 5 in Unarmed Combat
   584 | D:1      | Reached XP level 3. HP: 32/36 MP: 2/2
  1411 | D:2      | Reached XP level 4. HP: 41/44 MP: 3/3
  1788 | D:2      | Reached skill level 6 in Unarmed Combat
  1934 | D:3      | Found a snail-covered altar of Cheibriados.
  1936 | D:3      | Noticed Sigmund
  1949 | D:3      | Killed Sigmund
  1949 | D:3      | Reached skill level 7 in Unarmed Combat
  1949 | D:3      | Reached XP level 5. HP: 38/50 MP: 4/4
  2011 | D:3      | Reached XP level 6. HP: 59/59 MP: 5/5
  3258 | D:4      | Noticed Duvessa
  3274 | D:4      | Noticed Dowan
  3289 | D:4      | Killed Duvessa
  3289 | D:4      | Reached skill level 8 in Unarmed Combat
  3290 | D:4      | HP: 2/59 [something/wand of flame (6)]
  3290 | D:4      | Killed from afar by Dowan

Vault maps used:
D:1:      dpeg_arrival_leaves_temple_mockup, minmay_surrounded
D:2:      first_bread
D:3:      cheibriados_altar_1, uniq_sigmund
D:4:      lemuel_doored_altar, minmay_temple_entry_from_below_a,
          minmay_small_thing, uniq_crazy_yiuf_cottage, uniq_eustachio,
          uniq_duvessa

Action                   |  1- 3 |  4- 6 || total
-------------------------+-------+-------++-------
Melee: Unarmed           |    99 |   124 ||   223
  Use: Potion            |       |     1 ||     1
 Stab: Sleeping          |     5 |     5 ||    10
  Eat: Chunk             |    17 |    14 ||    31
